 Dungeon Crawl Stone Soup version 0.25.0-1-g7eea58d2a3 (webtiles) character file.

Game seed: 10912453128759068722

280 Masnef the Vexing (level 6, 0/47 HPs)
             Began as a Barachi Arcane Marksman on June 13, 2020.
             Was an Initiate of Dithmenos.
             Succumbed to a worker ant's poison
             ... on level 3 of the Dungeon on June 14, 2020.
             The game lasted 00:25:29 (3211 turns).

Masnef the Vexing (Barachi Arcane Marksman)         Turns: 3211, Time: 00:25:30

Health: 0/47       AC:  3    Str: 13 (14) XL:     6   Next: 27%
Magic:  9/9        EV: 13    Int: 12 (13) God:    Dithmenos [......]
Gold:   127        SH:  0    Dex: 11 (12) Spells: 7/10 levels left

rFire    . . .     SeeInvis .   a - +0 hunting sling
rCold    . . .     Gourm    .   (no shield)
rNeg     + . .     Faith    .   h - +1 robe {rN+}
rPois    .         Spirit   .   (no helmet)
rElec    .         Reflect  .   (no cloak)
rCorr    .         Harm     .   (no gloves)
MR       .....                  (no boots)
Stlth    +.........             (no amulet)
HPRegen  0.15/turn              (no ring)
MPRegen  0.11/turn              (no ring)

@: brilliant, lethally poisoned (0 -> -1), stab, slow
A: +LOS, swims, slowness 1, strong legs 1
a: Hop, Renounce Religion


You were on level 3 of the Dungeon.
You worshipped Dithmenos.
Dithmenos was noncommittal.
You were not hungry.

You visited 1 branch of the dungeon, and saw 3 of its levels.

You collected 127 gold pieces.

Inventory:

Hand Weapons
 a - a +0 hunting sling (weapon)
 l - a +0 dagger
 m - a +0 short sword
Missiles
 b - 6 stones
 d - 29 sling bullets (quivered)
Armour
 e - a +0 robe
 h - a +1 robe of positive energy (worn)
Scrolls
 g - a scroll of immolation
 k - a scroll of remove curse
Potions
 j - 2 potions of flight
Comestibles
 f - 6 rations
 p - 2 chunks of flesh


   Skills:
 + Level 3.1 Fighting
 + Level 1.8 Short Blades
 + Level 3.3 Slings
 + Level 3.5 Dodging
 + Level 2.5 Spellcasting
 + Level 4.3 Hexes


You had 7 spell levels left.
You knew the following spells:

 Your Spells              Type           Power        Failure   Level  Hunger
a - Corona                Hex            ###....      4%          1    None
b - Slow                  Hex            ###.....     7%          2    None

Your spell library contained the following spells:

 Spells                   Type           Power        Failure   Level  Hunger
 Inner Flame              Hex/Fire       ##......     32%         3    None
 Portal Projectile        Hex/Tloc       ##....       32%         3    None
 Cause Fear               Hex            ###.......   41%         4    None
 Leda's Liquefaction      Hex/Erth       ##........   71%         4    None


Dungeon Overview and Level Annotations

Branches:
Dungeon (3/15)

Altars:
Cheibriados
Dithmenos
Nemelex Xobeh
Qazlal


Innate Abilities, Weirdness & Mutations

You can be seen from farther away. (+LOS)
You can swim through water.
You cover ground slowly.
You can hop short distances.


Message History

You hear the rusting of a distant drain.
You feel less wooden.
Your +1 robe of positive energy unmelds from your body.
You feel more protected from negative energy.
It was a potion of brilliance.
You feel clever all of a sudden.
It was a potion of degeneration.
There was something very wrong with that liquid.
You feel weakened.
You feel dopey.
You feel clumsy.
* * * LOW HITPOINT WARNING * * *
You feel sick.
It was a potion of stabbing.
You feel ready to backstab.
Okay, then.
That item cannot be evoked!
You aren't carrying any items that you can evoke.
Okay, then.
* * * LOW HITPOINT WARNING * * *
You feel sick.
You die...

+# .# .# (# (#
##########(#
#.......@((######
#.###########...#
#.# #...# #.#
#...###### #.#
#...##...#### #.#
#....#.#..... #.#
#####....._..##
#.#
#........#.#..#
#.#
##.######...##.#


There were no monsters in sight!

Vanquished Creatures
  Sigmund (D:2)
  An orc wizard (D:2)
  A worker ant (D:3)
  An adder (D:2)
  An ooze (D:2)
  3 dart slugs
  2 leopard geckos
  An orc (D:2)
  A ball python (D:1)
  4 goblins
  7 hobgoblins
  7 jackals
  A quokka (D:2)
  6 bats
  5 kobolds
  7 rats
49 creatures vanquished.

Notes
Turn   | Place    | Note
-------+----------+-------------------------------------------
     0 | D:1      | Masnef the Barachi Arcane Marksman began the quest for the
                  | Orb.
     0 | D:1      | Reached XP level 1. HP: 15/15 MP: 2/2
   146 | D:1      | Reached XP level 2. HP: 21/21 MP: 3/3
   987 | D:1      | Reached XP level 3. HP: 25/27 MP: 2/5
  1215 | D:2      | Found a sparkling altar of Nemelex Xobeh.
  1282 | D:2      | Learned a level 2 spell: Slow
  1488 | D:2      | Noticed Sigmund
  1966 | D:2      | Reached XP level 4. HP: 32/33 MP: 4/6
  2065 | D:2      | Found a snail-covered altar of Cheibriados.
  2648 | D:2      | Killed Sigmund
  2648 | D:2      | Reached skill level 1 in Short Blades
  2648 | D:2      | Reached skill level 4 in Hexes
  2648 | D:2      | Reached XP level 5. HP: 22/40 MP: 6/8
  2648 | D:2      | Reached XP level 6. HP: 26/46 MP: 6/9
  3030 | D:3      | Found a stormy altar of Qazlal.
  3075 | D:3      | Found a shadowy altar of Dithmenos.
  3132 | D:3      | Became a worshipper of Dithmenos the Shadowed
  3193 | D:3      | HP: 3/70 [poisoned by a worker ant]
  3199 | D:3      | HP: 3/70 [poisoned by a worker ant]
  3203 | D:3      | HP: 1/47 [poisoned by a worker ant]
  3211 | D:3      | Succumbed to a worker ant's poison

Illustrated notes

Levels and vault maps discovered:
D:1:      lemuel_arrival_river_ford, layout_basic
D:2:      layout_loops_corners, nemelex_xobeh_ov_fountains_minmay,
          kennysheep_slug_shrine, kennysheep_another_room, uniq_sigmund
D:3:      layout_basic, grunt_dithmenos_smoke, lemuel_crystal_altar,
          cheibrodos_sewer_entry_sluice

Skill      XL: |  1  2  3  4  5  6 |
---------------+-------------------+-----
Fighting       | 2 3 |  3.1
Short Blades   | 1 |  1.8
Slings         | 3 |  3.3
Dodging        | 3 |  3.5
Spellcasting   | 2 |  2.5
Hexes          | 4 |  4.3

Action                   |  1- 3 |  4- 6 || total
-------------------------+-------+-------++-------
 Fire: Hunting sling     |    94 |    52 ||   146
 Cast: Corona            |    24 |    10 ||    34
 Abil: Hop               |     1 |       ||     1
  Use: Scroll            |     6 |     1 ||     7
       Potion            |       |     4 ||     4
  Eat: Chunk             |     4 |     2 ||     6
       Ration            |       |     1 ||     1
Armor: Robe              |    13 |     6 ||    19
       Skin              |       |     4 ||     4
Dodge: Dodged            |    51 |    27 ||    78
